3AAA
PORT ROYAL DISASTER @ ALASKAN HUMPBACKS
07/09/2033
 
TOP OF THE 1ST
Port Royal Disaster batting - Pitching for Alaskan Humpbacks : RHP Liam Thomson
Pitching: RHP Liam Thomson
Batting: RHB Loren Stallings 0-0: TRIPLE (Flyball, 78XD)
Pinch Runner at 3rd Nelson Abbey:
Batting: RHB Richard Cutshall 0-0: Ball
1-0: Ball
2-0: Ball
3-0: Called Strike
3-1: SINGLE (Line Drive, 78S)
Nelson Abbey scores
Batting: LHB Vicente Gonzáles 0-0: Fly out, F8 (Line Drive, 89M)
Batting: SHB Jasper Morrison 0-0: Called Strike
0-1: Fly out, F8 (Flyball, 8RD)
Batting: RHB Michael Brannon 0-0: Called Strike
0-1: Fly out, F7 (Flyball, 7)
Top of the 1st over - 1 run, 2 hits, 0 errors, 1 left on base; Port Royal 1 - Alaskan 0
BOTTOM OF THE 1ST
Alaskan Humpbacks batting - Pitching for Port Royal Disaster : LHP Luis Vargas
Pitching: LHP Luis Vargas
Now in CF: Nelson Abbey
Batting: LHB Dallas Ihde 0-0: Called Strike
0-1: Foul Ball, location: 2F
0-2: Ball
1-2: Ball
2-2: Ground out 5-3 (Groundball, 56S)
Batting: RHB Wally Briggs 0-0: SINGLE (Groundball, 34S) (infield hit)
Batting: RHB Jorge Flores 0-0: 2-RUN HOME RUN (Flyball, 7D), Distance : 389 ft
Batting: LHB Kanko Umaba 0-0: Ball
1-0: Called Strike
1-1: Called Strike
1-2: Ball
2-2: Fly out, F9 (Flyball, 9S)
Batting: RHB Jesús Torres 0-0: Ball
1-0: SINGLE (Line Drive, 78M)
Batting: RHB Jimbob Ghostkeeper 0-0: Ball
1-0: Foul Ball, location: 2F
1-1: Ball
Wild Pitch!
Jesús Torres to second
2-1: Foul Ball, location: 2F
2-2: Ground out 4-3 (Groundball, 4S)
Bottom of the 1st over - 2 runs, 3 hits, 0 errors, 1 left on base; Port Royal 1 - Alaskan 2
TOP OF THE 2ND
Port Royal Disaster batting - Pitching for Alaskan Humpbacks : RHP Liam Thomson
Batting: RHB Rafael Arredondo 0-0: Called Strike
0-1: Called Strike
0-2: Fly out, F8 (Flyball, 89D)
Batting: RHB Gary Chalmers 0-0: Ground out 5-3 (Groundball, 5)
Batting: RHB Steve Bock 0-0: Foul Ball, location: 2F
0-1: SINGLE (Line Drive, 8LS)
Batting: RHB Wes Shannon 0-0: Ball
1-0: Fly out, F8 (Flyball, 78M)
Top of the 2nd over - 0 runs, 1 hit, 0 errors, 1 left on base; Port Royal 1 - Alaskan 2
BOTTOM OF THE 2ND
Alaskan Humpbacks batting - Pitching for Port Royal Disaster : LHP Luis Vargas
Batting: RHB Doug Allerdale 0-0: Ball
1-0: Foul Ball, location: 2F
1-1: Ball
2-1: Foul Ball, location: 2F
2-2: Ball
3-2: Base on Balls
Batting: LHB Gabriel Amezquita 0-0: Called Strike
0-1: Ball
1-1: Ball
2-1: Grounds into double play, 4-6-3 (Groundball, 4)
Batting: RHB Erik Sterk 0-0: Called Strike
0-1: Ball
1-1: Foul Ball, location: 2F
1-2: Ground out 6-3 (Groundball, 6)
Bottom of the 2nd over - 0 runs, 0 hits, 0 errors, 0 left on base; Port Royal 1 - Alaskan 2
TOP OF THE 3RD
Port Royal Disaster batting - Pitching for Alaskan Humpbacks : RHP Liam Thomson
Batting: RHB Nelson Abbey 0-0: Ball
1-0: Ball
2-0: Foul Ball, location: 2F
2-1: Ball
3-1: SINGLE (Groundball, 6MD)
Batting: RHB Richard Cutshall 0-0: SINGLE (Groundball, 56D)
Nelson Abbey to second
Batting: LHB Vicente Gonzáles 0-0: Called Strike
0-1: Fly out, F9 (Flyball, 9LSF)
Batting: SHB Jasper Morrison 0-0: 3-RUN HOME RUN (Line Drive, 89XD), Distance : 427 ft
Batting: RHB Michael Brannon 0-0: Swinging Strike
0-1: Ball
1-1: Ball
2-1: Ground out 6-3 (Groundball, 6)
Batting: RHB Rafael Arredondo 0-0: Ball
1-0: Ball
2-0: Ball
3-0: Called Strike
3-1: Called Strike
3-2: Strikes out swinging
Top of the 3rd over - 3 runs, 3 hits, 0 errors, 0 left on base; Port Royal 4 - Alaskan 2
BOTTOM OF THE 3RD
Alaskan Humpbacks batting - Pitching for Port Royal Disaster : LHP Luis Vargas
Batting: LHB Dallas Ihde 0-0: Ball
1-0: Called Strike
1-1: Fly out, F5 (Popup, 56S)
Batting: RHB Wally Briggs 0-0: Called Strike
0-1: Ball
1-1: Fly out, F9 (Flyball, 9LS)
Batting: RHB Jorge Flores 0-0: Ball
1-0: Ball
2-0: Called Strike
2-1: Foul Ball, location: 2F
2-2: Ball
3-2: Foul Ball, location: 2F
3-2: Foul Ball, location: 2F
3-2: Base on Balls
Batting: LHB Kanko Umaba 0-0: Ball
1-0: Ball
2-0: Swinging Strike
2-1: Ground out U3 (Groundball, 3L)
Bottom of the 3rd over - 0 runs, 0 hits, 0 errors, 1 left on base; Port Royal 4 - Alaskan 2
TOP OF THE 4TH
Port Royal Disaster batting - Pitching for Alaskan Humpbacks : RHP Liam Thomson
Batting: RHB Gary Chalmers 0-0: Called Strike
0-1: Ball
1-1: Ball
2-1: Fly out, F3 (Line Drive, 34S)
Batting: RHB Steve Bock 0-0: Called Strike
0-1: Ball
1-1: Fly out, F8 (Flyball, 8LM)
Batting: RHB Wes Shannon 0-0: Ball
1-0: Foul Ball, location: 2F
1-1: Called Strike
1-2: Ground out 4-3 (Groundball, 4)
Top of the 4th over - 0 runs, 0 hits, 0 errors, 0 left on base; Port Royal 4 - Alaskan 2
BOTTOM OF THE 4TH
Alaskan Humpbacks batting - Pitching for Port Royal Disaster : LHP Luis Vargas
Batting: RHB Jesús Torres 0-0: Called Strike
0-1: Foul Ball, location: 2F
0-2: Ball
1-2: Ball
2-2: Ball
3-2: Base on Balls
Batting: RHB Jimbob Ghostkeeper 0-0: Ball
1-0: SINGLE (Groundball, 56S) (infield hit)
Jesús Torres to second
Batting: RHB Doug Allerdale 0-0: Ball
1-0: Called Strike
1-1: Ball
2-1: Called Strike
2-2: Ball
3-2: Strikes out looking
Batting: LHB Gabriel Amezquita 0-0: Foul Ball, location: 2F
0-1: Ball
1-1: Called Strike
1-2: Foul Ball, location: 2F
1-2: Fielders Choice at 2nd, 3-6 (Groundball, 3)
Jesús Torres to third
Batting: RHB Erik Sterk 0-0: Foul Ball, location: 2F
0-1: Ball
1-1: Fielders Choice at 2nd, U6 (Groundball, 6M)
Bottom of the 4th over - 0 runs, 1 hit, 0 errors, 2 left on base; Port Royal 4 - Alaskan 2
TOP OF THE 5TH
Port Royal Disaster batting - Pitching for Alaskan Humpbacks : RHP Liam Thomson
Batting: RHB Nelson Abbey 0-0: Ball
1-0: Called Strike
1-1: Foul Ball, location: 2F
1-2: Foul Ball, location: 2F
1-2: Fly out, F9 (Flyball, 9LMF)
Batting: RHB Richard Cutshall 0-0: DOUBLE (Line Drive, 7LM)
Batting: LHB Vicente Gonzáles 0-0: Ball
1-0: Ball
2-0: Ball
3-0: Base on Balls
Batting: SHB Jasper Morrison 0-0: Called Strike
0-1: Fly out, F4 (Popup, 4S)
Batting: RHB Michael Brannon 0-0: Called Strike
0-1: Ball
1-1: Foul Ball, location: 2F
1-2: SINGLE (Groundball, 56D)
Richard Cutshall to third
Vicente Gonzáles to second
Runner from 3rd tries for Home, SAFE, no throw
Batting: RHB Rafael Arredondo 0-0: Ball
1-0: Called Strike
1-1: Swinging Strike
1-2: Strikes out swinging
Top of the 5th over - 1 run, 2 hits, 0 errors, 2 left on base; Port Royal 5 - Alaskan 2
BOTTOM OF THE 5TH
Alaskan Humpbacks batting - Pitching for Port Royal Disaster : LHP Luis Vargas
Batting: LHB Dallas Ihde 0-0: Ball
1-0: Foul Ball, location: 2F
1-1: Ball
2-1: Foul Ball, location: 2F
2-2: Foul Ball, location: 2F
2-2: Ball
3-2: SINGLE (Line Drive, 5)
Batting: RHB Wally Briggs 0-0: Ball
1-0: Fielders Choice at 2nd, 3-6 (Groundball, 34)
Batting: RHB Jorge Flores 0-0: Swinging Strike
0-1: Ground out 6-3 (Groundball, 6S)
Wally Briggs to second
Batting: LHB Kanko Umaba 0-0: Called Strike
0-1: Ball
1-1: Ball
2-1: Swinging Strike
2-2: Fly out, F6 (Popup, P)
Bottom of the 5th over - 0 runs, 1 hit, 0 errors, 1 left on base; Port Royal 5 - Alaskan 2
TOP OF THE 6TH
Port Royal Disaster batting - Pitching for Alaskan Humpbacks : RHP Liam Thomson
Batting: RHB Gary Chalmers 0-0: Foul Ball, location: 2F
0-1: Fly out, F8 (Flyball, 8LM)
Batting: RHB Steve Bock 0-0: Fly out, F8 (Flyball, 78D)
Batting: RHB Wes Shannon 0-0: Swinging Strike
0-1: Ground out 5-3 (Groundball, 56S)
Top of the 6th over - 0 runs, 0 hits, 0 errors, 0 left on base; Port Royal 5 - Alaskan 2
BOTTOM OF THE 6TH
Alaskan Humpbacks batting - Pitching for Port Royal Disaster : LHP Luis Vargas
Pitching: RHP Will Moore
Batting: RHB Jesús Torres 0-0: Ground out 6-3 (Groundball, 6)
Batting: RHB Jimbob Ghostkeeper 0-0: Ball
1-0: Ball
2-0: Fly out, F6 (Line Drive, 6)
Batting: RHB Doug Allerdale 0-0: Ball
1-0: Fly out, F3 (Popup, 3SF)
Bottom of the 6th over - 0 runs, 0 hits, 0 errors, 0 left on base; Port Royal 5 - Alaskan 2
TOP OF THE 7TH
Port Royal Disaster batting - Pitching for Alaskan Humpbacks : RHP Liam Thomson
Batting: RHB Nelson Abbey 0-0: Foul Ball, location: 2F
0-1: Ball
1-1: Ball
2-1: Called Strike
2-2: Foul Ball, location: 2F
2-2: Ball
3-2: Foul Ball, location: 2F
3-2: Foul Ball, location: 2F
3-2: SINGLE (Flyball, 9S)
Batting: RHB Richard Cutshall 0-0: Ball
1-0: Called Strike
1-1: Ball
2-1: SINGLE (Groundball, 6MD)
Nelson Abbey to second
Pitching: RHP Sima Babic
Batting: LHB Vicente Gonzáles 0-0: Fly out, F6 (Popup, 6MD)
Batting: SHB Jasper Morrison 0-0: Foul Ball, location: 2F
0-1: Swinging Strike
0-2: Strikes out swinging
Batting: RHB Michael Brannon 0-0: Foul Ball, location: 2F
0-1: Called Strike
0-2: SINGLE (Flyball, 78S)
Nelson Abbey to third
Richard Cutshall to second
Runner from 3rd tries for Home, throw and OUT!
Top of the 7th over - 0 runs, 3 hits, 0 errors, 2 left on base; Port Royal 5 - Alaskan 2
BOTTOM OF THE 7TH
Alaskan Humpbacks batting - Pitching for Port Royal Disaster : RHP Will Moore
Batting: LHB Gabriel Amezquita 0-0: Swinging Strike
0-1: Fly out, F7 (Line Drive, 7S)
Now in LF: Sisto Pagnamenta
Batting: RHB Erik Sterk 0-0: Foul Ball, location: 2F
0-1: Ball
1-1: Fly out, F5 (Popup, 5SF)
Batting: LHB Dallas Ihde 0-0: Foul Ball, location: 2F
0-1: Ball
1-1: Foul Ball, location: 2F
1-2: Foul Ball, location: 2F
1-2: Ball
2-2: Ball
3-2: Foul Ball, location: 2F
3-2: Foul Ball, location: 2F
3-2: Ground out 1-3 (Groundball, P)
Bottom of the 7th over - 0 runs, 0 hits, 0 errors, 0 left on base; Port Royal 5 - Alaskan 2
TOP OF THE 8TH
Port Royal Disaster batting - Pitching for Alaskan Humpbacks : RHP Sima Babic
Batting: RHB Rafael Arredondo 0-0: Swinging Strike
0-1: Foul Ball, location: 2F
0-2: Ball
1-2: Ball
2-2: Ground out 6-3 (Groundball, 6S)
Batting: RHB Gary Chalmers 0-0: Fly out, F9 (Flyball, 89M)
Batting: RHB Steve Bock 0-0: Ball
1-0: Called Strike
1-1: Foul Ball, location: 2F
1-2: Ball
2-2: Ball
3-2: Foul Ball, location: 2F
3-2: SINGLE (Groundball, 4MD)
Batting: LHB Sisto Pagnamenta 0-0: Ball
1-0: Fly out, F9 (Flyball, 89S)
Top of the 8th over - 0 runs, 1 hit, 0 errors, 1 left on base; Port Royal 5 - Alaskan 2
BOTTOM OF THE 8TH
Alaskan Humpbacks batting - Pitching for Port Royal Disaster : RHP Will Moore
Batting: RHB Wally Briggs 0-0: Ball
1-0: Ball
2-0: Called Strike
2-1: Ball
3-1: Called Strike
3-2: Foul Ball, location: 2F
3-2: Fly out, F9 (Line Drive, 9)
Batting: RHB Jorge Flores 0-0: Foul Ball, location: 2F
0-1: Ball
1-1: Foul Ball, location: 2F
1-2: Ball
2-2: Foul Ball, location: 2F
2-2: Foul Ball, location: 2F
2-2: Ground out 1-3 (Groundball, 15S)
Batting: LHB Kanko Umaba 0-0: Called Strike
0-1: Ball
1-1: Ball
2-1: Ball
3-1: Base on Balls
Batting: RHB Jesús Torres 0-0: Swinging Strike
0-1: Ball
1-1: Foul Ball, location: 2F
1-2: Ball
2-2: Foul Ball, location: 2F
2-2: Ball
3-2: Foul Ball, location: 2F
3-2: Foul Ball, location: 2F
3-2: Base on Balls
Kanko Umaba to second
Batting: RHB Jimbob Ghostkeeper 0-0: Fly out, F8 (Flyball, 8RD)
Bottom of the 8th over - 0 runs, 0 hits, 0 errors, 2 left on base; Port Royal 5 - Alaskan 2
TOP OF THE 9TH
Port Royal Disaster batting - Pitching for Alaskan Humpbacks : RHP Sima Babic
Pitching: RHP Mau Delgado
Batting: RHB Nelson Abbey 0-0: Ball
1-0: Ball
2-0: Swinging Strike
2-1: Foul Ball, location: 2F
2-2: Ground out 6-3 (Groundball, 6)
Batting: RHB Richard Cutshall 0-0: Called Strike
0-1: Ball
1-1: Ball
2-1: Swinging Strike
2-2: Ball
3-2: Foul Ball, location: 2F
3-2: Foul Ball, location: 2F
3-2: Foul Ball, location: 2F
3-2: Base on Balls
Batting: LHB Vicente Gonzáles 0-0: Ball
1-0: Called Strike
1-1: Foul Ball, location: 2F
1-2: Foul Ball, location: 2F
1-2: Ball
2-2: Ball
3-2: Base on Balls
Richard Cutshall to second
Batting: SHB Jasper Morrison 0-0: Ball
1-0: Called Strike
1-1: Swinging Strike
1-2: Strikes out swinging
Batting: RHB Michael Brannon 0-0: Swinging Strike
0-1: Foul Ball, location: 2F
0-2: Strikes out swinging
Top of the 9th over - 0 runs, 0 hits, 0 errors, 2 left on base; Port Royal 5 - Alaskan 2
BOTTOM OF THE 9TH
Alaskan Humpbacks batting - Pitching for Port Royal Disaster : RHP Will Moore
Pitching: LHP Paco Salazar
Batting: RHB Doug Allerdale 0-0: Ball
1-0: Called Strike
1-1: Called Strike
1-2: Ball
2-2: Ball
3-2: Base on Balls
Batting: LHB Gabriel Amezquita 0-0: Called Strike
0-1: Ball
1-1: Foul Ball, location: 2F
1-2: Ball
2-2: Fly out, F7 (Line Drive, 7D)
Batting: RHB Erik Sterk 0-0: Foul Ball, location: 2F
0-1: Swinging Strike
0-2: Strikes out swinging
Batting: LHB Dallas Ihde 0-0: Foul Ball, location: 2F
0-1: Ball
1-1: Foul Ball, location: 2F
1-2: Ball
2-2: SINGLE (Groundball, 34D)
Doug Allerdale to second
Batting: RHB Wally Briggs 0-0: Foul Ball, location: 2F
0-1: Ball
1-1: SINGLE (Groundball, 56S) (infield hit)
Doug Allerdale to third
Dallas Ihde to second
Pinch Runner at 1st Gabriel Díaz:
Batting: RHB Jorge Flores 0-0: Foul Ball, location: 2F
0-1: Ball
1-1: Swinging Strike
1-2: Ball
2-2: Foul Ball, location: 2F
2-2: SINGLE (Groundball, 34S) (infield hit)
Doug Allerdale scores
Dallas Ihde to third
Gabriel Díaz to second
Batting: LHB Kanko Umaba 0-0: Called Strike
0-1: Ball
1-1: Fly out, F7 (Flyball, 7)
Bottom of the 9th over - 1 run, 3 hits, 0 errors, 3 left on base; Port Royal 5 - Alaskan 3
Saturday, December 22nd, 2018 - OOTP Baseball 18.8 Build 76